 Dungeon Crawl Stone Soup version 0.30-a0-23-ge60ba3568b (webtiles) character file.

Game seed: 2207893052744197641

222 greasedhog the Trooper (level 5, 0/35 HPs)
             Began as a Gargoyle Wanderer on Aug 25, 2022.
             Slain by an orc
             ... wielding a +0 hand axe
              (1 damage)
             ... on level 4 of the Dungeon on Aug 26, 2022.
             The game lasted 00:05:54 (4153 turns).

greasedhog the Trooper (Gargoyle Wanderer)          Turns: 4153, Time: 00:05:54

Health: 0/35       AC:  9    Str: 15    XL:     5   Next: 99%
Magic:  5/5        EV: 10    Int: 10    God:
Gold:   72         SH:  7    Dex: 14    Spells: 4/4 levels left

rFire   . . .      SeeInvis .    a - +0 short sword
rCold   . . .      Faith    .    b - +2 buckler
rNeg    + . .      Spirit   .    c - +0 ring mail
rPois   ∞          Reflect  .    (no helmet)
rElec   +          Harm     .    (no cloak)
rCorr   .          Rampage  .    (no gloves)
Will    .....                    (no boots)
Stlth   +.........               g - amulet of the acrobat
HPRegen 0.11/turn                (no ring)
MPRegen 0.09/turn                (no ring)

@: no status effects
A: sickness immunity, AC +4, negative energy resistance 1, electricity
resistance, torment resistance 1, petrification resistance
a: no special abilities


You were on level 4 of the Dungeon.
You visited 1 branch of the dungeon, and saw 4 of its levels.

You collected 72 gold pieces.

Inventory:

Hand Weapons
 a - a +0 short sword (weapon)
Missiles
 f - a throwing net (quivered)
Armour
 b - a +2 buckler (worn)
 c - a +0 ring mail (worn)
Jewellery
 g - an amulet of the acrobat (around neck)
Wands
 e - a wand of polymorph (14)
Scrolls
 i - a scroll of enchant armour
 k - a scroll of torment
 m - a scroll of fear {unknown}
 n - 2 scrolls of teleportation
 o - a scroll of immolation {unknown}
Potions
 d - 2 potions of mutation
 h - a potion of attraction {unknown}
 p - a potion of cancellation {unknown}


   Skills:
 * Level 5.1 Fighting
 - Level 1.0(2.0) Short Blades
 + Level 2.6(2.8) Long Blades
 - Level 2.1 Armour
 - Level 1.0 Dodging
 - Level 4.3 Shields
 - Level 1.0 Evocations


You had 4 spell levels left.
You didn't know any spells.
Your spell library contained the following spells:

 Spells                   Type           Power      Damage    Failure   Level
 Call Canine Familiar     Summ           0%         N/A       96%         3
 Portal Projectile        Hex/Tloc       0%         N/A       96%         3
 Leda's Liquefaction      Hex/Erth       0%         N/A       100%        4


Dungeon Overview and Level Annotations

Branches:
Dungeon (4/15)
 Temple: D:4-7

Altars:
Cheibriados
Xom


Innate Abilities, Weirdness & Mutations

You are immune to sickness and miasma.
Your stone body is resilient. (AC +4)
You are immune to poison.
You resist negative energy. (rN+)
You are resistant to electric shocks. (rElec)
You are resistant to unholy torment.
You are immune to petrification.


Message History

You hit the orc but do no damage.
The orc is heavily wounded.
The orc hits you with a +0 hand axe.
You hit the orc but do no damage.
The orc is heavily wounded.
The orc hits you with a +0 hand axe.
* * * LOW HITPOINT WARNING * * *
You hit the orc.
The orc is severely wounded.
You block the orc's attack.
You hit the orc.
The orc is almost dead.
You block the orc's attack.
You hit the orc but do no damage.
The orc is almost dead.
You block the orc's attack.
You hit the orc but do no damage.
The orc is almost dead.
The orc hits you but does no damage.
You closely miss the orc.
The orc is almost dead.
You block the orc's attack.
You barely miss the orc.
The orc is almost dead.
The orc hits you with a +0 hand axe.
* * * LOW HITPOINT WARNING * * *
You hit the orc but do no damage.
The orc is almost dead.
The orc hits you but does no damage.
You hit the orc but do no damage.
The orc is almost dead.
The orc hits you with a +0 hand axe.
* * * LOW HITPOINT WARNING * * *
You hit the orc but do no damage.
The orc is almost dead.
You block the orc's attack.
As you read the scroll labelled OSSUCO RIUHIQ, it crumbles to dust.
You hear a loud clanging noise!
It was a scroll of noise.
The orc hits you with a +0 hand axe.
You die...

.....#
##.#.####
.##..# #...#
# .##..#
###.##.#
.....#
#.#.##.
......
#.###.#. ##
.##.#.. ..#
##...#.#
..#.#.##### #
#.#.# >......
....#.###.##
#.....@oo.#
#.#.#####.#
#.# #....#
#.# #.##.#
#.# #'##o###
#.# #.....#
#.#
#..)..####
#.#
+##'##'..#
#.#
..#.)##.###.#


You could see 2 orcs.

Vanquished Creatures
  A howler monkey (D:3)
  An orc priest (D:4)
  An iguana (D:3)
  2 adders
  3 gnolls (D:3)
  An ufetubus (D:4)
  A worm (D:3)
  A dart slug (D:3)
  5 orcs
  3 bats
  3 endoplasms
  5 giant cockroaches
  7 goblins
  8 hobgoblins
  10 kobolds
  2 quokkas
  6 ball pythons
  6 frilled lizards
  4 rats
70 creatures vanquished.

Notes
Turn   | Place    | Note
-------+----------+-------------------------------------------
     0 | D:1      | greasedhog the Gargoyle Wanderer began the quest for the
                  | Orb.
     0 | D:1      | greasedhog set off with the following items: a +0 short
                  | sword, a +2 buckler, a +0 ring mail, a potion of mutation.
     0 | D:1      | Reached XP level 1. HP: 12/12 MP: 1/1
   121 | D:1      | Reached XP level 2. HP: 14/17 MP: 2/2
   207 | D:1      | Reached skill level 2 in Fighting
   378 | D:1      | Reached skill level 1 in Long Blades
   471 | D:2      | Reached XP level 3. HP: 22/22 MP: 3/3
   736 | D:2      | Reached skill level 3 in Fighting
  1297 | D:3      | Found a shimmering altar of Xom.
  1588 | D:3      | Reached XP level 4. HP: 24/28 MP: 4/4
  2363 | D:3      | Reached skill level 4 in Fighting
  3224 | D:4      | Identified the +1 ring mail of Stoicism {rCorr Str+4 Int+7}
  3534 | D:3      | Reached XP level 5. HP: 19/34 MP: 5/5
  4082 | D:4      | Found a snail-covered altar of Cheibriados.
  4103 | D:4      | Reached skill level 5 in Fighting
  4151 | D:4      | HP: 1/35 [orc/+0 hand axe (5)]
  4153 | D:4      | Slain by an orc

Illustrated notes

Levels and vault maps discovered:
D:1:      lemuel_arrival_lava_pool, layout_rooms,
          dreamdust_ecumenical_altar_hidden_monk_grotto,
          minmay_worlds_worst_comb
D:2:      layout_basic, minmay_large_rounded_square
D:3:      layout_loops_ring, xom_butterflies, cheibrodos_sewer_entry_bend
D:4:      layout_loops_ring, mainiacjoe_overflow_24_doors, minivault_1,
          grunt_decor_junction

Skill      XL: |  1  2  3  4  5 |
---------------+----------------+-----
Fighting       | 2 3 4 5 |  5.1
Long Blades    | 1 2 |  2.6
Short Blades   | |  1.0
Armour         | |  2.1
Dodging        | |  1.0
Shields        | |  4.3
Evocations     | |  1.0

Action                   |  1- 3 |  4- 6 || total
-------------------------+-------+-------++-------
Melee: Short sword       |   190 |   236 ||   426
  Use: Scroll            |     2 |     3 ||     5
       Potion            |       |     2 ||     2
Armor: Ring mail         |    66 |    72 ||   138
Dodge: Dodged            |    75 |   120 ||   195
Block: Buckler           |    50 |    74 ||   124

Table legend: (Time is in decaauts)
 A = Elapsed time spent in this place.
 B = Non-inter-level travel time spent in this place.
 C = Inter-level travel time spent in this place.
 D = Time resting spent in this place.
 E = Time spent auto-exploring this place.
 F = Levels seen in this place.
 G = Mean time per level.
                   A        B        C        D        E       F      G
               +--------+--------+--------+--------+--------+-----+--------+
         Total |   4192 |   4057 |    135 |   1111 |   2166 |   4 | 1048.0 |
       Dungeon |   4192 |   4057 |    135 |   1111 |   2166 |   4 | 1048.0 |
               +--------+--------+--------+--------+--------+-----+--------+

Top non-repeatable levels by time:
     D:3: 1943 daAuts
     D:2: 1389 daAuts
     D:1: 443 daAuts
     D:4: 415 daAuts
